Map: Shrines of Lizul

Players

Darin

  • Race: Terran Terran
  • League: Gold
  • Spawn Location: 12:00

Otttiger

  • Race: Protoss Protoss
  • League: Gold
  • Spawn Location: 3:00

OpuS - Winner!

  • Race: Protoss Protoss
  • League: Platinum
  • Spawn Location: 6:00

Sketchaphone - Winner!

  • Race: Zerg Zerg
  • League: Platinum
  • Spawn Location: 9:00

VOD

Have the link to the VOD?

Description

Time

  • Played on: Feb. 27, 2019, 8:37 p.m.
  • Length: 10:08
Show
View Real Time Build Order
Export as new Build Order

Darin Terran 

Build Orders:  

Get SALT Encoding   

  12  0:01  SCV  
  13  0:17  Supply Depot  
  13  0:19  SCV  
  14  0:31  SCV  
  15  0:42  Barracks  
  15  0:43  SCV  
  16  0:58  SCV, Refinery  
  17  1:10  Barracks, SCV  
  18  1:30  Marine  
  19  1:49  Barracks Reactor  
  19  1:54  Orbital Command, Supply Depot  
  19  1:58  Barracks Tech Lab  
  19  2:01  Barracks  
  19  2:11  Refinery  
  19  2:19  Marine  
  20  2:23  SCV  
  20  2:29  Stimpack  
  21  2:35  Marine x2  
  23  2:46  Marauder  
  25  2:57  Marine x2  
  27  3:02  Barracks Reactor  
  27  3:06  SCV  
  28  3:12  Engineering Bay  
  28  3:25  Marine x2, Supply Depot  
  28  3:26  Supply Depot  
  30  3:31  Marauder  
  32  3:39  Marine x2  
  34  3:43  Marine x2, Terran Infantry Weapons Level 1  
  36  3:51  Supply Depot  
  36  3:54  Supply Depot  
  36  3:55  Marauder  
  38  3:58  Marine  
  39  4:03  Marine  
  39  4:08  SCV  
  41  4:19  Marauder  
  41  4:20  Marine x2  
  45  4:26  Marine x2  
  47  4:36  Concussive Shells  
  41  4:46  Marine x4  
  41  4:48  Marauder  
  37  5:05  Marine x3  
  37  5:06  Marine  
  33  5:18  Marauder  
  35  5:23  Marine x4  
  27  5:41  Marine x4  
  19  5:50  Marine  
  12  5:59  Marine x4  
  12  6:01  SCV  
  7  6:22  Marine x2  
  7  6:23  Marine  
  9  6:44  SCV  
  10  6:57  Supply Depot  
  9  7:26  Marine x3  
  9  7:28  SCV  
  13  7:40  SCV  
  9  8:08  SCV  
  8  8:20  SCV  
  8  8:23  Marine x2  
  11  8:32  SCV  
  12  8:44  SCV  
  12  8:45  Combat Shield  
  13  8:54  Marauder  
  15  8:59  SCV  
  16  9:15  Marauder, SCV  
  19  9:27  SCV  
  20  9:36  Marine  
  20  9:37  Marine, Marauder  
  24  9:42  SCV  
  25  9:54  SCV  
Show
View Real Time Build Order
Export as new Build Order

Otttiger Protoss 

Build Orders: Chargelot Immortal 

Get SALT Encoding   

  1  0:00  Probe  
  12  0:05  Probe  
  14  0:20  Pylon  
  14  0:24  Probe  
  15  0:39  Gateway  
  15  0:40  Probe  
  16  0:46  Assimilator  
  16  0:53  Probe  
  17  1:02  Gateway  
  17  1:09  Probe  
  18  1:21  Probe  
  19  1:30  Zealot, Cybernetics Core  
  21  1:36  Probe  
  22  1:48  Probe  
  22  1:50  Pylon  
  23  2:08  Zealot  
  25  2:18  Zealot, Probe  
  28  2:26  Twilight Council  
  27  2:38  Zealot  
  29  2:44  Probe  
  29  2:49  Charge  
  30  2:51  Robotics Facility  
  30  3:03  Pylon  
  30  3:10  Probe  
  31  3:13  Assimilator  
  31  3:21  Zealot x2  
  31  3:22  Probe  
  31  3:26  Gateway  
  36  3:33  Warp Gate  
  36  3:34  Pylon  
  36  3:39  Warp Prism  
  38  3:49  Probe  
  39  3:56  Zealot x2  
  43  4:04  Probe  
  44  4:16  Zealot, Probe  
  47  4:41  Zealot  
  47  4:43  Zealot  
  45  4:47  Zealot  
  45  4:52  Immortal  
  41  5:06  Pylon  
  39  5:08  Pylon  
  39  5:09  Zealot  
  39  5:11  Pylon  
  41  5:22  Stalker  
  41  5:26  Stalker  
  45  5:47  Immortal  
  49  5:52  Stalker x3  
  47  6:21  Stalker x3  
  53  7:02  Stalker x3  
  45  7:30  Zealot x3  
  45  7:31  Immortal  
  53  8:09  Robotics Facility  
  53  8:20  Stalker  
  53  8:21  Stalker x2  
  51  8:46  Warp Prism  
  45  8:49  Immortal  
  43  9:18  Forge  
  43  9:32  Observer  
  43  9:36  Sentry  
  43  9:37  Stalker, Sentry  
Show
View Real Time Build Order
Export as new Build Order

OpuS Protoss - Winner!

Build Orders:  

Get SALT Encoding   

  12  0:01  Probe  
  13  0:13  Probe  
  14  0:24  Pylon  
  14  0:25  Probe  
  15  0:42  Gateway, Probe  
  16  0:54  Probe  
  16  0:56  Assimilator  
  17  1:01  Assimilator  
  17  1:06  Probe  
  18  1:17  Gateway  
  18  1:20  Pylon  
  18  1:24  Probe  
  19  1:36  Zealot  
  21  1:43  Cybernetics Core  
  21  1:49  Probe  
  22  1:59  Forge, Probe  
  23  2:10  Zealot  
  25  2:16  Warp Gate  
  25  2:20  Stalker  
  26  2:23  Probe  
  26  2:29  Protoss Ground Weapons Level 1  
  27  2:36  Probe  
  28  2:42  Sentry  
  30  2:48  Probe  
  31  2:59  Pylon  
  31  3:06  Pylon  
  31  3:16  Gateway  
  31  3:17  Adept  
  33  3:20  Sentry  
  35  3:28  Gateway  
  35  3:31  Probe  
  36  3:39  Pylon  
  36  3:50  Sentry x2  
  40  3:58  Shield Battery  
  40  4:20  Stalker  
  42  4:24  Adept  
  42  4:25  Adept x2  
  44  4:50  Adept x4  
  42  5:10  Nexus  
  38  5:57  Adept x2  
  38  5:58  Adept x2  
  38  6:03  Twilight Council  
  44  6:11  Pylon  
  34  6:12  Pylon  
  32  6:19  Sentry x4  
  32  6:24  Charge  
  40  6:29  Pylon  
  40  6:30  Probe x2  
  42  6:46  Stalker  
  44  6:48  Stalker  
  46  6:55  Zealot  
  46  7:00  Zealot  
  40  7:27  Stalker x4  
  34  7:50  Zealot x4  
  42  8:09  Dark Shrine  
  42  8:10  Probe x2  
  44  8:25  Zealot x3  
  48  8:28  Zealot  
  48  8:34  Probe x2  
  52  8:46  Probe x2  
  52  9:03  Probe x2  
  54  9:14  Gateway  
  54  9:16  Gateway  
  54  9:22  Dark Templar  
  54  9:23  Dark Templar  
  58  9:28  Dark Templar  
  60  9:33  Probe  
  60  9:34  Probe  
  62  9:44  Assimilator  
  62  9:45  Probe  
  62  9:46  Probe  
  62  9:47  Assimilator  
Show
View Real Time Build Order
Export as new Build Order

Sketchaphone Zerg - Winner!

Build Orders: Pool First 

Get SALT Encoding   

  12  0:01  Drone  
  13  0:10  Drone  
  14  0:14  Extractor  
  14  0:20  Drone  
  14  0:43  Spawning Pool  
  14  0:44  Overlord  
  14  0:45  Drone  
  14  1:02  Drone x2  
  16  1:06  Drone  
  17  1:31  Metabolic Boost  
  17  1:36  Evolution Chamber  
  16  1:41  Zergling x4  
  16  1:42  Zergling x2  
  19  1:58  Hatchery  
  18  2:02  Drone  
  19  2:20  Drone  
  19  2:22  Zerg Ground Armor Level 1  
  20  2:26  Overlord  
  20  2:43  Queen  
  22  2:47  Drone  
  22  3:00  Zergling x2, Overlord  
  22  3:02  Zergling x2  
  24  3:11  Overlord  
  25  3:12  Zergling x2  
  25  3:25  Zergling x2  
  25  3:26  Zergling x2  
  27  3:27  Queen  
  29  3:34  Zergling x4  
  31  3:44  Zergling x4  
  33  3:56  Zergling x8  
  33  4:02  Drone  
  38  4:08  Pneumatized Carapace  
  38  4:21  Zergling x8  
  42  4:29  Overlord  
  42  4:31  Overlord  
  42  4:35  Zergling x4  
  39  4:54  Zergling x6  
  42  5:02  Drone x4  
  42  5:05  Lair  
  37  5:26  Zergling x10  
  39  5:31  Zergling x2  
  39  5:50  Hatchery  
  37  6:01  Zergling x12  
  39  6:13  Zergling x4  
  39  6:14  Zergling x2  
  36  6:19  Drone  
  36  6:24  Zerg Melee Weapons Level 1  
  37  6:27  Zergling x2  
  37  6:28  Evolution Chamber, Zergling x2  
  37  6:45  Extractor, Drone x4  
  40  6:52  Overlord x2  
  40  6:56  Zergling x8  
  40  7:16  Zergling x12  
  36  7:23  Zergling x14  
  36  7:26  Queen  
  36  7:28  Zergling x4  
  47  7:31  Zergling x2  
  47  7:33  Zerg Ground Armor Level 2  
  47  7:34  Zergling x2  
  46  7:47  Zergling x6  
  46  7:50  Zergling x2  
  47  7:55  Zergling x4  
  40  8:08  Zergling x16  
  28  8:36  Spawning Pool  
  28  8:41  Drone x12  
  39  9:06  Drone x4  
  39  9:07  Drone  
  39  9:08  Drone x2  
  39  9:09  Drone  
  47  9:14  Drone x2  
  47  9:17  Drone  
  50  9:25  Queen  
  50  9:26  Drone x2  
  50  9:28  Drone  
  55  9:36  Extractor  
  55  9:37  Extractor  
Tags
 
Add a new tag
Caveats
  • Supply blocks, unpowered buildings, or Contaminate may cause inaccurate times.
  • Supply counts are checked every 10 seconds.